 Dungeon Crawl Stone Soup version 0.13.0-3-g966e3ec (webtiles) character file.

595 HungrySpirit the Cleaver (level 6, -2/50 HPs)
             Began as a Minotaur Gladiator on Oct 13, 2013.
             Was an Initiate of Okawaru.
             Slain by a worker ant (5 damage)
             ... on Level 4 of the Dungeon.
             The game lasted 00:05:26 (2684 turns).

HungrySpirit the Cleaver (Minotaur Gladiator)       Turns: 2684, Time: 00:05:27

HP  -2/50        AC  4     Str 22      XL: 6   Next: 89%
MP   2/2         EV 12     Int  5      God: Okawaru [......]
Gold 108         SH  0     Dex 10      Spells:  0 memorised,  5 levels left

Res.Fire  : . . .   See Invis. : .   a - +0 hand axe {=f}
Res.Cold  : . . .   Warding    : .   b - +0 leather armour
Life Prot.: . . .   Conserve   : .   (no shield)
Res.Poison: .       Res.Corr.  : .   c - +0 cap
Res.Elec. : .       Clarity    : .   p - +0 cloak
Sust.Abil.: . .     Spirit.Shd : .   (no gloves)
Res.Mut.  : .       Stasis     : .   (no boots)
Res.Rott. : .       Flight     : .   (no amulet)
Saprovore : . . .                    (no ring)
                                     (no ring)

@: slightly resistant to hostile enchantments, very unstealthy
A: retaliatory headbutt, horns 2
a: Renounce Religion


You were on level 4 of the Dungeon.
You worshipped Okawaru.
Okawaru was noncommittal.
You were not hungry.

You visited 2 branches of the dungeon, and saw 5 of its levels.

You collected 88 gold pieces.

Inventory:

Hand weapons
 a - a +0,+0 hand axe (weapon) {=f}
Missiles
 e - a throwing net [frayed]
 t - 2 throwing nets (quivered)
Armour
 b - a +0 leather armour (worn)
 c - a +0 cap (worn)
 p - a +0 cloak (worn)
Comestibles
 f - 2 bread rations
 j - a honeycomb
 k - a meat ration
 l - an apple
 u - a rotting chunk of worm flesh
 v - 2 chunks of quokka flesh
Scrolls
 d - a scroll of teleportation {unknown}
 h - a scroll of recharging {unknown}
 i - 3 scrolls of identify {unknown}
 m - a scroll of curse weapon {unknown}
 r - 2 scrolls of curse jewellery {unknown}
 s - 2 scrolls of amnesia {unknown}
 w - a scroll of enchant armour {unknown}
Potions
 g - a potion of speed {unknown}
 n - a potion of poison {unknown}
 o - 2 potions of curing {unknown}
 q - a potion of brilliance {unknown}


   Skills:
 - Level 2.4 Fighting
 + Level 9.4 Axes
 - Level 2.0 Throwing
 - Level 3.2 Dodging


You had 5 spell levels left.
You didn't know any spells.

Dungeon Overview and Level Annotations

Branches:
Dungeon (4/27)             Temple (1/1) D:4

Altars:
Cheibriados
Elyvilon
Makhleb
Nemelex Xobeh
Okawaru
Trog
Vehumet
Xom
Yredelemnul


Innate Abilities, Weirdness & Mutations

You reflexively headbutt those who attack you in melee.
You have a pair of horns on your head.


Message History

Unknown command.
You are too injured to fight recklessly!
You are too injured to fight recklessly!
Unknown command.
You barely miss the worker ant. Your headbutt misses the worker ant.
The worker ant is heavily wounded.
You hit the gnoll.
The gnoll is lightly wounded.
The worker ant bites you but does no damage.
* * * LOW HITPOINT WARNING * * *
You feel sick. The gnoll misses you. The worker ant bites you.
* * * LOW HITPOINT WARNING * * *
You see here a flail.
* * * LOW HITPOINT WARNING * * *
You feel sick.
You feel better.
The gnoll unwields an uncursed spear.
The gnoll drops an uncursed spear.
The gnoll picks up a flail.
The gnoll wields a flail.
The gnoll picks up an uncursed spear.
The worker ant bites you.
You die...

# ##### #.. #...#
#... #...#
..#####...##
#...##....#
####.#...##....####
.......?)g........#
..##....####.a@...#
#.... ####...#
#.... #...# #....
#.#.# ......
####.#.##### .....
#....#.....# .###
##.##.##.##.#
###.........#.#
#.............#


You could see a worker ant and a gnoll.

Vanquished Creatures
  Grinder (D:3)
  An orc priest (D:3)
  A worker ant (D:3)
  Jessica (D:3)
  3 gnolls (D:4)
  6 adders
  A giant mite (D:2)
  4 worms
  2 giant geckos
  An ooze (D:3)
  4 orcs (D:3)
  9 giant cockroaches
  12 hobgoblins
  8 kobolds
  A quokka (D:3)
  7 bats
  4 giant newts
  6 goblins
  2 jackals (D:3)
  6 rats
80 creatures vanquished.

Notes
Turn   | Place    | Note
--------------------------------------------------------------
     0 | D:1      | HungrySpirit, the Minotaur Gladiator, began the quest for the Orb.
     0 | D:1      | Reached XP level 1. HP: 18/18 MP: 0/0
    33 | D:1      | Reached skill level 4 in Axes
   311 | D:1      | Reached XP level 2. HP: 25/25 MP: 0/0
   912 | D:2      | Reached skill level 5 in Axes
   915 | D:2      | Reached XP level 3. HP: 21/30 MP: 1/1
  1126 | D:2      | Found a sparkling altar of Nemelex Xobeh.
  1175 | D:2      | Reached skill level 6 in Axes
  1175 | D:2      | Reached XP level 4. HP: 35/38 MP: 1/1
  1786 | D:3      | Reached XP level 5. HP: 20/44 MP: 1/1
  1980 | D:3      | Reached skill level 7 in Axes
  2149 | D:3      | Noticed Jessica
  2155 | D:3      | Killed Jessica
  2169 | D:3      | Noticed Grinder
  2172 | D:3      | Paralysed by Grinder for 4 turns
  2186 | D:3      | Killed Grinder
  2186 | D:3      | Reached skill level 9 in Axes
  2186 | D:3      | Reached XP level 6. HP: 30/50 MP: 2/2
  2586 | D:4      | Found a staircase to the Ecumenical Temple.
  2601 | Temple   | Entered the Ecumenical Temple
  2629 | Temple   | Became a worshipper of Warmaster Okawaru
  2680 | D:4      | HP: 2/50 [poisoned by a worker ant]
  2684 | D:4      | Slain by a worker ant

Action                   |  1- 3 |  4- 6 || total
-------------------------+-------+-------++-------
Melee: Hand axe          |    73 |   133 ||   206
Throw: Throwing net      |     2 |     2 ||     4
